 Dungeon Crawl Stone Soup version 0.25.1-2-g60ff931df9 (webtiles) character file.

Game seed: 15453417804369238883

2320 Ethylacetat the Frost Mage (level 9, 0/74 HPs)
             Began as a Naga Ice Elementalist on Aug 9, 2020.
             Was a Believer of Vehumet.
             Slain by a wolf (8 damage)
             ... led by Grum
             ... on level 7 of the Dungeon.
             The game lasted 00:35:15 (9521 turns).

Ethylacetat the Frost Mage (Naga Ice Elementalist)  Turns: 9521, Time: 00:35:16

Health: 0/74       AC:  4    Str: 10    XL:     9   Next: 41%
Magic:  15/19      EV: 14    Int: 20    God:    Vehumet [**....]
Gold:   337        SH:  0    Dex: 11    Spells: 17/22 levels left

rFire    . . .     SeeInvis +   i - +1 dagger (distort)
rCold    . . .     Gourm    .   (no shield)
rNeg     . . .     Faith    .   a - +0 robe
rPois    +         Spirit   .   (no helmet)
rElec    .         Reflect  .   (no cloak)
rCorr    .         Harm     .   (no gloves)
MR       +....                  (no barding)
Stlth    ++........             (no amulet)
HPRegen  0.22/turn              m - +4 ring of evasion
MPRegen  0.16/turn              (no ring)

@: very slow
A: large, claws 1, see invisible, deformed body, poison resistance, robust 1,
slowness 2, slow metabolism 1, spit poison 1, subdued magic 1, AC +3
a: Spit Poison, Renounce Religion


You were on level 7 of the Dungeon.
You worshipped Vehumet.
Vehumet was pleased with you.
You were not hungry.

You visited 2 branches of the dungeon, and saw 9 of its levels.
You also visited: Sewer and Ossuary.

You collected 337 gold pieces.

Inventory:

Hand Weapons
 i - a +1 dagger of distortion (weapon)
Missiles
 l - 11 curare-tipped darts (quivered)
 p - 3 throwing nets
Armour
 a - a +0 robe (worn)
 y - a +1 ring mail of magic resistance
Jewellery
 m - a +4 ring of evasion (left claw)
 C - an uncursed amulet of reflection {unknown}
Wands
 q - a wand of iceblast (5)
 r - a wand of acid (20)
 v - a wand of paralysis (9)
Scrolls
 b - 12 scrolls of identify {unknown}
 d - a scroll of fear {unknown}
 f - 6 scrolls of remove curse {unknown}
 g - 3 scrolls of teleportation {unknown}
 h - 5 scrolls of random uselessness {unknown}
 n - 5 scrolls of blinking {unknown}
 o - 5 scrolls of magic mapping {unknown}
 u - 2 scrolls of fog {unknown}
 w - 2 scrolls of enchant weapon {unknown}
 x - 2 scrolls of amnesia {unknown}
 A - a scroll of immolation {unknown}
 B - a scroll of noise {unknown}
Potions
 e - 2 potions of might
 j - a potion of cancellation
 k - 2 potions of brilliance
 s - 4 potions of haste
 z - 2 potions of curing
Comestibles
 c - 10 rations


   Skills:
 - Level 1.7 Dodging
 - Level 3.0 Stealth
 + Level 7.2 Spellcasting
 + Level 5.7 Conjurations
 + Level 8.7 Ice Magic


You had 17 spell levels left.
You knew the following spells:

 Your Spells              Type           Power        Failure   Level  Hunger
a - Freeze                Ice            ####         1%          1    None
b - Hailstorm             Conj/Ice       ####....     3%          4    ###....

Your spell library contained the following spells:

 Spells                   Type           Power        Failure   Level  Hunger
 Dazzling Flash           Conj/Hex       ##....       7%          3    #......
 Magic Dart               Conj           ###.         1%          1    None
 Frozen Ramparts          Ice            ####..       1%          3    #......
 Ozocubu's Armour         Chrm/Ice       ###.....     3%          3    #......
 Conjure Flame            Conj/Fire      ##......     7%          3    #......
 Mephitic Cloud           Conj/Pois/Air  ##......     11%         3    #......
 Blink                    Tloc           N/A          12%         2    None
 Call Imp                 Summ           #.......     12%         2    None
 Slow                     Hex            #.......     12%         2    None
 Summon Ice Beast         Ice/Summ       ###.....     13%         4    ###....
 Confusing Touch          Hex            #.......     24%         3    #......
 Gell's Gravitas          Tloc           #.........   24%         3    #......
 Metabolic Englaciation   Hex/Ice        ###.......   36%         5    #####..
 Petrify                  Tmut/Erth      #.......     63%         4    ###....
 Yara's Violent Unravell  Hex/Tmut       #.........   93%         5    #####..


Dungeon Overview and Level Annotations

Branches:
Dungeon (8/15)             Temple (1/1) D:5           Sewer (visited)
Ossuary (visited)
   Lair: D:8-11

Altars:
Ashenzari
Cheibriados
Dithmenos
Elyvilon
Fedhas
Gozag
Hepliaklqana
Kikubaaqudgha
Makhleb
Nemelex Xobeh
Okawaru
Qazlal
Ru
Sif Muna
Trog
Uskayaw
Vehumet
Wu Jian
Xom
Yredelemnul
Zin
The Shining One
Lugonu

Annotations:
D:8 Grum


Innate Abilities, Weirdness & Mutations

You cannot wear boots.
Your serpentine skin is tough. (AC +3)
You have supernaturally acute eyesight. (SInv)
Armour fits poorly on your strangely shaped body.
Your system is resistant to poisons. (rPois)
You cover ground very slowly.
You have a slow metabolism.
You can spit poison.
You have sharp fingernails.
You are robust. (+10% HP)
Your spells are a little easier to cast, but a little less powerful.


Message History

The wolf bites you!
* * * LOW HITPOINT WARNING * * *
The wolf bites you but does no damage.
Casting: Freeze (safe; 1% risk of failure)
Confirm with . or Enter, or press ? or * to list all spells.
Aiming: Freeze (safe; 1% risk of failure)
Press: ? - help, Shift-Dir - straight line, f/p - wolf
Aim: a wolf (lightly wounded)
You freeze the wolf.
The wolf is moderately wounded.
The wolf bites you but does no damage.
Casting: Freeze (safe; 1% risk of failure)
Confirm with . or Enter, or press ? or * to list all spells.
Aiming: Freeze (safe; 1% risk of failure)
Press: ? - help, Shift-Dir - straight line, f/p - wolf
Aim: a wolf (moderately wounded)
You freeze the wolf!
The wolf is severely wounded.
The wolf barely misses you. The wolf bites you!
You die...

...###....# #........#######'#...
.....#....######'#+#.......#.#...
.....#.....(.......#.#####.#.#...
.....####..........#.......#.#...
.....# #..........##.......(#...
...######...........+..)(.(..+..<
................h.###........#...
...............#h#......####.#.##
#..............#@+...........#.##
#..............###..............#
#...........>..###..............'
...............'................#
####...........#................#
#........#######........#.......#
#....###########........#......>.
#....# #......#..#######........
#....# #.####.#..## #........


You could see 2 wolves.

Vanquished Creatures
  A hippogriff (D:7)
  Menkaure (Ossuary)
  The ghost of RedRedRas the Caller, an amateur DESu of Wu Jian (D:3)
  An ice beast (D:5)
  2 ogres
  A centaur (D:7)
  2 big kobolds (D:3)
  3 bullfrogs
  3 killer bees (D:8)
  A howler monkey (D:6)
  4 crimson imps
  A centaur zombie (D:7)
  3 jellies
  An orc priest (D:7)
  2 bullfrog zombies
  2 hounds (D:6)
  A centaur skeleton (D:5)
  Jessica (D:3)
  An iguana (D:4)
  An orc wizard (D:7)
  6 worker ants
  A hound zombie (D:5)
  A howler monkey skeleton (D:7)
  3 gnolls (D:4)
  A worker ant zombie (D:5)
  9 adders
  An adder skeleton (D:5)
  3 dart slugs
  10 leopard geckos
  12 orcs
  2 ball pythons
  11 giant cockroaches
  6 goblins
  2 hobgoblins (D:3)
  16 jackals
  12 kobolds
  7 bats
  8 frilled lizards
  3 gnoll skeletons (Ossuary)
  5 gnoll zombies (Ossuary)
  3 goblin skeletons (Ossuary)
  6 goblin zombies (Ossuary)
  2 hobgoblin skeletons (Ossuary)
  2 hobgoblin zombies (Ossuary)
  3 kobold skeletons (Ossuary)
  2 kobold zombies (Ossuary)
  7 orc skeletons (Ossuary)
  2 orc zombies (Ossuary)
  A quokka zombie (D:7)
  10 rats
  2 rat skeletons (Ossuary)
  3 rat zombies (Ossuary)
195 creatures vanquished.

Vanquished Creatures (others)
  An ice beast (D:7)
  3 mummies (Ossuary)
  A howler monkey skeleton (D:7)
  A shadow imp (D:7)
  An ooze (D:7)
  An adder zombie (D:5)
  A giant cockroach (D:6)
  A gnoll zombie (Ossuary)
  A goblin zombie (Ossuary)
  A hobgoblin skeleton (Ossuary)
  A jackal skeleton (D:6)
  3 kobold skeletons (Ossuary)
  2 kobold zombies (Ossuary)
  An orc zombie (Ossuary)
  A rat skeleton (Ossuary)
  A fungus (D:3)
  2 plants
23 creatures vanquished.

Grand Total: 218 creatures vanquished

Notes
Turn   | Place    | Note
-------+----------+-------------------------------------------
     0 | D:1      | Ethylacetat the Naga Ice Elementalist began the quest for
                  | the Orb.
     0 | D:1      | Reached XP level 1. HP: 15/15 MP: 3/3
   363 | D:1      | Reached XP level 2. HP: 20/22 MP: 1/5
   941 | D:2      | Found a burning altar of Makhleb.
  1115 | D:2      | Found a basalt altar of Yredelemnul.
  1200 | D:2      | Found a white marble altar of Elyvilon.
  1279 | D:2      | Reached XP level 3. HP: 26/28 MP: 4/6
  1380 | D:2      | Found a shimmering blue altar of Sif Muna.
  1498 | D:2      | Found an ornate altar of the Wu Jian Council.
  1576 | D:2      | Found a hazy altar of Hepliaklqana.
  1703 | D:3      | Found a shimmering altar of Xom.
  1862 | D:3      | Found an opulent altar of Gozag.
  1910 | D:3      | Found a shimmering altar of Xom.
  1914 | D:3      | Found a shimmering altar of Xom.
  1992 | D:3      | Reached XP level 4. HP: 23/36 MP: 1/8
  2028 | D:3      | Found a glowing drain.
  2045 | Sewer    | Entered a sewer
  2266 | Sewer    | Reached skill level 5 in Ice Magic
  2743 | D:3      | Noticed Jessica
  2753 | D:3      | Killed Jessica
  2753 | D:3      | Reached XP level 5. HP: 41/42 MP: 6/10
  2847 | D:3      | Found a shimmering altar of Xom.
  2852 | D:3      | Found a shimmering altar of Xom.
  2854 | D:3      | Found a shimmering altar of Xom.
  2949 | D:3      | Found a runed translucent gate.
  2950 | D:3      | Found a runed translucent gate.
  2950 | D:3      | Noticed a big kobold
  2950 | D:3      | Noticed a big kobold
  2951 | D:3      | Found a runed translucent gate.
  2953 | D:3      | Noticed RedRedRas's ghost (amateur DESu)
  3024 | D:3      | Killed RedRedRas's ghost
  3024 | D:3      | Reached XP level 6. HP: 15/49 MP: 5/12
  3029 | D:3      | Reached skill level 6 in Ice Magic
  3043 | D:3      | Gained mutation: Your spells are a little easier to cast,
                  | but a little less powerful. [potion of mutation]
  3043 | D:3      | Gained mutation: You are robust. (+10% HP) [potion of
                  | mutation]
  3043 | D:3      | Gained mutation: You have sharp fingernails. [potion of
                  | mutation]
  3043 | D:3      | HP: 1/53 [big kobold/+0 dagger of chaos (2)]
  3442 | D:4      | Found a stormy altar of Qazlal.
  3497 | D:4      | Learned a level 4 spell: Hailstorm
  3541 | D:4      | Found a shadowy altar of Dithmenos.
  4090 | D:4      | Reached XP level 7. HP: 38/60 MP: 9/14
  4347 | D:4      | Reached skill level 1 in Conjurations
  4834 | D:5      | Entered Level 5 of the Dungeon
  5217 | D:5      | Reached skill level 5 in Spellcasting
  5636 | D:5      | Found a staircase to the Ecumenical Temple.
  5647 | Temple   | Entered the Ecumenical Temple
  5676 | Temple   | Became a worshipper of Vehumet
  5741 | D:5      | Found a hide-covered altar of Uskayaw.
  6121 | D:5      | Reached skill level 7 in Ice Magic
  6343 | D:6      | Reached XP level 8. HP: 55/68 MP: 12/16
  6641 | D:6      | Found a sand-covered staircase.
  6650 | Ossuary  | Entered an ossuary
  6742 | Ossuary  | Reached * piety under Vehumet
  6742 | Ossuary  | Offered knowledge of Foxfire by Vehumet.
  6910 | Ossuary  | Noticed Menkaure
  6930 | Ossuary  | Killed Menkaure
  6944 | Ossuary  | Reached ** piety under Vehumet
  7054 | D:6      | Offered knowledge of Shock by Vehumet.
  7333 | D:6      | Found a shattered altar of Ashenzari.
  7775 | D:7      | Reached skill level 8 in Ice Magic
  7950 | D:7      | Reached XP level 9. HP: 16/74 MP: 14/18
  8312 | D:7      | Reached skill level 5 in Conjurations
  8857 | D:7      | Offered knowledge of Dazzling Flash by Vehumet.
  9001 | D:7      | Found a snail-covered altar of Cheibriados.
  9076 | D:7      | Found a glowing silver altar of Zin.
  9493 | D:8      | Noticed Grum
  9521 | D:7      | Slain by a wolf

Illustrated notes

Levels and vault maps discovered:
D:1:      dpeg_arrival_long_road, layout_loops_ring, minmay_misc_feat_tower,
          due_unseen_surprise
D:2:      layout_rooms, kennysheep_ying_yang, lemuel_round_altar, led_sif_pool,
          nicolae_overflow_crystal_walls, nicolae_overflow_hidden_temple
D:3:      layout_rooms, grunt_gozag_breadcrumbs, gammafunk_ghost_nasty_kobolds,
          gup_sewer_entry_pipe, minmay_statues_item, xom_redecorated,
          uniq_jessica
D:4:      layout_basic, lemuel_coloured_pillars_altar, old_standard_altar,
          minmay_vboxes
D:5:      layout_gridville, kennysheep_mini, minmay_temple_entry_junction,
          first_ration
D:6:      layout_basic, lemuel_round_altar, enter_ossuary_1
D:7:      layout_basic, kennysheep_little_box, cheibriados_altar_1
D:8:      layout_basic, minmay_radiant, uniq_grum, uniq_joseph
Temple:   corrupted_temple

Skill      XL: |  1  2  3  4  5  6  7  8  9 |
---------------+----------------------------+-----
Spellcasting   | 3 4 5 6 7 |  7.2
Ice Magic      | 5 6 7 8 |  8.7
Conjurations   | 2 4 5 |  5.7
Dodging        | |  1.7
Stealth        | |  3.0

Action                   |  1- 3 |  4- 6 |  7- 9 || total
-------------------------+-------+-------+-------++-------
Melee: Unarmed           |     3 |       |       ||     3
       Club              |    33 |    88 |       ||   121
       Dagger            |       |    16 |   220 ||   236
 Cast: Freeze            |    44 |    67 |   156 ||   267
       Hailstorm         |       |       |     9 ||     9
  Use: Potion            |       |     7 |     6 ||    13
 Stab: Distracted        |     1 |       |     1 ||     2
       Sleeping          |     1 |     2 |     4 ||     7
  Eat: Chunk             |     3 |     5 |    13 ||    21
       Ration            |       |       |     1 ||     1
Armor: Robe              |    22 |    18 |    60 ||   100
       Skin              |       |       |    12 ||    12
Dodge: Dodged            |    84 |   100 |   250 ||   434
